[Event "CZE-ch U14 Girls 2020"]
[Site "Kouty nad Desnou"]
[Date "2020.03.11"]
[Round "6.14"]
[White "Nagyova, Daniela"]
[Black "Hosova, Sandra"]
[Result "1-0"]
[ECO "B78"]
[WhiteElo "1560"]
[BlackElo "1297"]
[Annotator "NA"]
[PlyCount "65"]
[EventDate "2020.03.07"]
[EventCountry "CZE"]
[SourceTitle "playchess.com"]
[Source "ChessBase"]
[SourceQuality "1"]
[TimeControl "5400+30"]

1. e4 c5 2. Nf3 Nc6 3. d4 cxd4 4. Nxd4 g6 5. Nc3 Bg7 6. Be3 Nf6 7. Bc4 d6 8. f3 O-O 9. Bb3 Bd7 10. Qd2 a6 11. O-O-O b5 12. g4 b4 13. Nd5 a5 14. h4 a4 15. Nxf6+ Bxf6 16. Bd5 Qc8 17. Bxc6 b3 18. Bd5 e6 19. a3 exd5 20. exd5 Qb7 21. c3 Qxd5 22. h5 g5 23. h6 Rac8 24. Rh5 Rc5 25. Qf2 Bxd4 26. Bxd4 Qc4 27. Bxc5 dxc5 28. Rxd7 f6 29. Qd2 Qf1+ 30. Qd1 Qf2 31. Rxg5+ fxg5 32. Qd5+ Kh8 33. Qe5+ 1-0

[Event "CZE-ch U14 Girls 2020"]
[Site "Kouty nad Desnou"]
[Date "2020.03.11"]
[Round "6.15"]
[White "Vankova, Marie"]
[Black "Zelbova, Lada"]
[Result "1/2-1/2"]
[ECO "B80"]
[WhiteElo "1367"]
[BlackElo "1646"]
[Annotator "NA RC"]
[PlyCount "96"]
[EventDate "2020.03.07"]
[EventCountry "CZE"]
[SourceTitle "playchess.com"]
[Source "ChessBase"]
[SourceQuality "1"]
[TimeControl "5400+30"]

1. e4 c5 2. Nf3 d6 3. d4 cxd4 4. Nxd4 Nf6 5. Nc3 e6 6. Bg5 Be7 7. Ndb5 O-O 8. Bxf6 Bxf6 9. Nxd6 Bxc3+ 10. bxc3 Nc6 11. Bc4 Qc7 12. Nb5 Qe5 13. Qd3 Rd8 14. Qe3 a6 15. Na3 Qd6 16. Bxa6 Qxa3 17. Bc4 Na5 18. Be2 e5 19. O-O Be6 20. Qb6 Qd6 21. Qb2 Qc5 22. Rfd1 Rdc8 23. h3 Qxc3 24. Rd8+ Rxd8 25. Qxc3 Nc6 26. a3 Rd4 27. f3 h6 28. Kh2 Ra5 29. Rb1 Rda4 30. Rxb7 Nd4 31. Bf1 Rxa3 32. Qd2 Rc5 33. Rb8+ Kh7 34. Bd3 Ra2 35. Qb4 Rca5 36. Qe1 R5a3 37. Kg3 Nxc2 38. Bxc2 Rxc2 39. Rb5 Raa2 40. Qg1 Rxg2+ 41. Qxg2 Rxg2+ 42. Kxg2 f6 43. Rb6 Bc4 44. Kg3 Bf1 45. h4 h5 46. f4 exf4+ 47. Kxf4 Bd3 48. e5 fxe5+ 1/2-1/2

[Event "CZE-ch U14 Girls 2020"]
[Site "Kouty nad Desnou"]
[Date "2020.03.11"]
[Round "6.16"]
[White "Pejrimovska, Viola Ruby"]
[Black "Glasbergerova, Lucie"]
[Result "1-0"]
[ECO "B01"]
[WhiteElo "1600"]
[BlackElo "1203"]
[Annotator "NA"]
[PlyCount "47"]
[EventDate "2020.03.07"]
[EventCountry "CZE"]
[SourceTitle "playchess.com"]
[Source "ChessBase"]
[SourceQuality "1"]
[TimeControl "5400+30"]

1. e4 d5 2. exd5 Qxd5 3. Nf3 Bg4 4. Be2 Nf6 5. Nc3 Qa5 6. O-O Nbd7 7. d4 e6 8. a3 Bd6 9. h3 Bf5 10. Be3 c6 11. b4 Qc7 12. Qd2 h6 13. Kh1 O-O-O 14. Rfb1 Rdg8 15. a4 g5 16. b5 g4 17. bxc6 Qxc6 18. Nb5 Bb8 19. Rb4 Qb6 20. d5 Qd8 21. Rc4+ Bc7 22. Qa5 a6 23. Nxc7 Nb8 24. Nxe6+ 1-0

[Event "CZE-ch U14 Girls 2020"]
[Site "Kouty nad Desnou"]
[Date "2020.03.11"]
[Round "6.17"]
[White "Jirotova, Eliska"]
[Black "Sulcova, Tereza Radmila"]
[Result "1/2-1/2"]
[ECO "A08"]
[WhiteElo "1333"]
[BlackElo "1555"]
[Annotator "NA RC"]
[PlyCount "98"]
[EventDate "2020.03.07"]
[EventCountry "CZE"]
[SourceTitle "playchess.com"]
[Source "ChessBase"]
[SourceQuality "1"]
[TimeControl "5400+30"]

1. e4 e6 2. d3 d5 3. Nd2 c5 4. g3 Bd6 5. Bg2 Ne7 6. Ngf3 Nbc6 7. O-O O-O 8. Re1 Qc7 9. c3 d4 10. Nc4 e5 11. a4 b6 12. Qe2 f6 13. h3 Be6 14. Qc2 a6 15. Na3 b5 16. axb5 axb5 17. Nxb5 Qd7 18. Rxa8 Rxa8 19. Kh2 Nb4 20. cxb4 Qxb5 21. bxc5 Bxc5 22. Nd2 Rc8 23. Bf1 Bb6 24. Nc4 Ba5 25. Bd2 Bd8 26. Ra1 f5 27. exf5 Nxf5 28. Qb1 Qd5 29. Bg2 Qc5 30. b4 Qc7 31. Bf1 Ne7 32. Qe1 Ng6 33. Qb1 e4 34. Na3 exd3 35. Bxd3 Qf7 36. Qe1 Bc7 37. Nb5 Nh4 38. Be2 Ng6 39. Nxd4 Be5 40. Be3 Ne7 41. Rd1 Rb8 42. Nxe6 Qxe6 43. Rb1 Nc6 44. Qc1 Kh8 45. b5 Nd4 46. Bxd4 Bxd4 47. Qf1 Qb6 48. Kg2 Rf8 49. f3 Be3 1/2-1/2

[Event "CZE-ch U14 Girls 2020"]
[Site "Kouty nad Desnou"]
[Date "2020.03.11"]
[Round "6.18"]
[White "Markova, Karolina"]
[Black "Vavrinkova, Marie"]
[Result "1-0"]
[ECO "C30"]
[WhiteElo "1497"]
[BlackElo "1240"]
[Annotator "NA"]
[PlyCount "79"]
[EventDate "2020.03.07"]
[EventCountry "CZE"]
[SourceTitle "playchess.com"]
[Source "ChessBase"]
[SourceQuality "1"]
[TimeControl "5400+30"]

1. e4 e5 2. f4 Bc5 3. Nf3 d6 4. Nc3 Nf6 5. Bc4 Nc6 6. d3 Bg4 7. h3 Be6 8. Bb3 a6 9. f5 Bxb3 10. axb3 h6 11. g4 Nh7 12. h4 Qd7 13. g5 h5 14. Nd5 Ne7 15. b4 Ba7 16. Nxe7 Qxe7 17. b5 a5 18. Bd2 Bb6 19. b4 a4 20. c4 a3 21. Qb3 g6 22. f6 Qe6 23. Nh2 Qh3 24. Kd1 Bf2 25. Kc2 O-O 26. Qa2 Bxh4 27. Rag1 Bf2 28. Ng4 Qf3 29. Nxf2 Qxf2 30. Kb3 Qd4 31. Qc2 a2 32. Ra1 h4 33. Bc3 Qe3 34. Rxh4 Qxg5 35. Qh2 Nxf6 36. Bd2 Qxh4 37. Qxh4 Nh5 38. Rxa2 Rxa2 39. Kxa2 Kg7 40. Qe7 1-0

[Event "CZE-ch U14 Girls 2020"]
[Site "Kouty nad Desnou"]
[Date "2020.03.11"]
[Round "6.19"]
[White "Smajzrova, Dominika"]
[Black "Ticha, Sofie"]
[Result "0-1"]
[ECO "B23"]
[WhiteElo "1487"]
[BlackElo "1216"]
[Annotator "NA"]
[PlyCount "66"]
[EventDate "2020.03.07"]
[EventCountry "CZE"]
[SourceTitle "playchess.com"]
[Source "ChessBase"]
[SourceQuality "1"]
[TimeControl "5400+30"]

1. e4 c5 2. Nc3 e6 3. g3 d5 4. Bg2 d4 5. Nce2 Nc6 6. d3 e5 7. f4 Bd6 8. Nf3 Nf6 9. O-O Be6 10. f5 Bd7 11. h3 g6 12. g4 gxf5 13. exf5 Rg8 14. Bg5 Be7 15. Bxf6 Bxf6 16. Ng3 Qc7 17. Ne4 Bg7 18. Nxc5 Nb4 19. Nxd7 Qxd7 20. Re1 f6 21. Qd2 Nc6 22. c3 O-O-O 23. Rac1 Kb8 24. Qc2 Bh6 25. Rb1 Rc8 26. b4 dxc3 27. Qxc3 Nd4 28. Qb2 Rc2 29. Qa3 Nxf3+ 30. Bxf3 Qd4+ 31. Kh1 Qf2 32. Re2 Qxf3+ 33. Kg1 Be3+ 0-1

[Event "CZE-ch U14 Girls 2020"]
[Site "Kouty nad Desnou"]
[Date "2020.03.11"]
[Round "6.20"]
[White "Stavova, Helena"]
[Black "Havelkova, Beata"]
[Result "0-1"]
[ECO "B72"]
[WhiteElo "1146"]
[BlackElo "1468"]
[Annotator "NA"]
[PlyCount "86"]
[EventDate "2020.03.07"]
[EventCountry "CZE"]
[SourceTitle "playchess.com"]
[Source "ChessBase"]
[SourceQuality "1"]
[TimeControl "5400+30"]

1. e4 c5 2. Nf3 d6 3. d4 cxd4 4. Nxd4 Nf6 5. Nc3 g6 6. Be3 Bg7 7. Bc4 O-O 8. h3 Nc6 9. O-O Bd7 10. Bb3 a6 11. f4 Qb6 12. Qd2 Nxe4 13. Nxe4 Bxd4 14. Rae1 Bf5 15. c3 Bxe3+ 16. Qxe3 Qxe3+ 17. Rxe3 Rad8 18. Ng3 Bc8 19. f5 gxf5 20. Nxf5 Bxf5 21. Rxf5 e6 22. Rh5 Ne5 23. Bc2 Ng6 24. c4 Rc8 25. b3 Rfd8 26. Bxg6 hxg6 27. Rh4 Kg7 28. Rf4 d5 29. cxd5 Rxd5 30. Rf2 Rcd8 31. Ree2 e5 32. g4 f6 33. Kf1 Rd3 34. Kg2 Rh8 35. Rf3 Rxf3 36. Kxf3 Rxh3+ 37. Kg2 Rd3 38. Kf2 Kh6 39. Re4 Rd4 40. Kf3 Rxe4 41. Kxe4 Kg5 42. Kf3 e4+ 43. Kxe4 Kxg4 0-1

[Event "CZE-ch U14 Girls 2020"]
[Site "Kouty nad Desnou"]
[Date "2020.03.11"]
[Round "6.21"]
[White "Stribna, Julie"]
[Black "Spacilova, Klara"]
[Result "1-0"]
[ECO "C55"]
[WhiteElo "1046"]
[BlackElo "1188"]
[Annotator "NA RC"]
[PlyCount "147"]
[EventDate "2020.03.07"]
[EventCountry "CZE"]
[SourceTitle "playchess.com"]
[Source "ChessBase"]
[SourceQuality "1"]
[TimeControl "5400+30"]

1. e4 e5 2. Nf3 Nc6 3. Bc4 Nf6 4. Nc3 Nxe4 5. Nxe4 d5 6. Bxd5 Qxd5 7. d3 Be7 8. Be3 O-O 9. O-O Bg4 10. Re1 f5 11. Nc3 Qe6 12. Qc1 Bxf3 13. gxf3 Qg6+ 14. Kh1 f4 15. Bd2 Qh5 16. Qd1 Nd4 17. Rg1 Qxf3+ 18. Qxf3 Nxf3 19. Rgd1 Rf5 20. Ne4 Rh5 21. h3 Nxd2 22. Nxd2 Rxh3+ 23. Kg2 Rh6 24. Nf3 Rf8 25. Kf1 Rh1+ 26. Ke2 Rxd1 27. Rxd1 Bf6 28. c3 Re8 29. Nd2 g5 30. f3 Re6 31. Kf2 Rb6 32. b3 Ra6 33. a4 Bg7 34. Ne4 Rg6 35. Rg1 h6 36. b4 Bf8 37. b5 b6 38. c4 Bc5+ 39. Nxc5 bxc5 40. Re1 Re6 41. Re4 Kf7 42. Re1 Kf6 43. Rh1 Kf5 44. Rh5 c6 45. a5 cxb5 46. cxb5 Kg6 47. Rh1 Rd6 48. Ke2 h5 49. Rb1 Rd8 50. Rc1 Rc8 51. Rb1 Rb8 52. b6 axb6 53. Rxb6+ Rxb6 54. axb6 h4 55. b7 c4 56. b8=Q cxd3+ 57. Kxd3 Kf6 58. Qd8+ Kg6 59. Qg8+ Kf6 60. Ke4 g4 61. Qxg4 Ke7 62. Qg6 h3 63. Qh7+ Ke6 64. Qxh3+ Kd6 65. Qf5 Kc5 66. Qxe5+ Kc4 67. Qd4+ Kb5 68. Qc3 Kb6 69. Kd5 Kb7 70. Kd6 Kb8 71. Kd7 Kb7 72. Qb3+ Ka6 73. Kc6 Ka7 74. Qb7# 1-0